 Dungeon Crawl Stone Soup version 0.26-a0-812-g31a745ddcd (webtiles) character file.

Game seed: 892285474051708226

115 kae the Insei (level 5, -13/29 HPs)
             Began as a Tengu Transmuter on Nov 18, 2020.
             Mangled by Blork the orc
             ... wielding a +0 battleaxe
              (15 damage)
             ... on level 4 of the Dungeon.
             The game lasted 00:01:33 (2940 turns).

kae the Insei (Tengu Transmuter)                    Turns: 2940, Time: 00:01:34

Health: -13/29     AC:  2    Str: 12    XL:     5   Next: 0%
Magic:  3/9        EV: 20    Int: 13    God:
Gold:   165        SH:  0    Dex: 19    Spells: 4/8 levels left

rFire    . . .     SeeInvis .     - Unarmed
rCold    . . .     Faith    .   (shield currently unavailable)
rNeg     . . .     Spirit   .   (armour currently unavailable)
rPois    x         Reflect  .   (helmet currently unavailable)
rElec    .         Harm     .   (cloak currently unavailable)
rCorr    .         Rampage  .   (gloves currently unavailable)
MR       .....                  (boots unavailable)
Stlth    ++........             (no amulet)
HPRegen  0.09/turn              (no ring)
MPRegen  0.11/turn              (no ring)

@: spider-form (expiring)
A: tiny, able to fly
a: Fly, End Transformation


You were on level 4 of the Dungeon.
You were a venomous arachnid creature.
You visited 1 branch of the dungeon, and saw 4 of its levels.

You collected 165 gold pieces.

Inventory:

Armour
 a - a +0 robe (melded)
 j - a +2 pair of gloves (melded)
Jewellery
 c - an uncursed ring of flight
 r - a +6 ring of dexterity {unknown}
Scrolls
 b - a scroll of teleportation
 e - 2 scrolls of magic mapping {unknown}
 f - 2 scrolls of remove curse
 i - a scroll of enchant weapon
 o - a scroll of identify
Potions
 d - 2 potions of heal wounds
 g - a potion of lignification
 h - a potion of berserk rage {unknown}
 k - 2 potions of attraction {unknown}
 l - a potion of ambrosia
 m - 2 potions of haste {unknown}
 n - a potion of degeneration {unknown}
 p - a potion of brilliance {unknown}
 q - 2 potions of curing {unknown}
 s - a potion of might {unknown}


   Skills:
 - Level 1.0 Fighting
 - Level 2.1 Dodging
 + Level 4.2 Unarmed Combat
 + Level 2.1 Spellcasting
 * Level 3.3 Transmutations
 * Level 0.9 Poison Magic


You had 4 spell levels left.
You knew the following spells:

 Your Spells              Type           Power        Failure   Level
a - Beastly Appendage     Tmut           ##....       17%         1
b - Spider Form           Tmut/Pois      #.........   54%         3

Your spell library contained the following spells:

 Spells                   Type           Power        Failure   Level
 Wereblood                Tmut           ##......     24%         2
 Ice Form                 Ice/Tmut       #.......     90%         4
 Blade Hands              Tmut           ##........   96%         5


Dungeon Overview and Level Annotations

Branches:
Dungeon (4/15)
 Temple: D:4-7

Altars:
Cheibriados
Fedhas
Uskayaw

Annotations:
D:4 Blork the orc


Innate Abilities, Weirdness & Mutations

((You have a beak for a mouth.))
((You have claws for feet.))
You can fly continuously.


Message History

The adder completely misses you. x2
Your magical contamination has completely faded away.
You bite the adder!
The adder looks as sick as possible!
The adder is almost dead.
You kill the adder!
You have reached level 5!
You have gained the ability to fly.
Something hits you!
Things that are here:
7 gold pieces; an adder corpse You hit something.
Something hits you.
* * * LOW HITPOINT WARNING * * *
You barely miss something.
You hear some strange, mumbled words.
A puff of flame appears from out of thin air!
The puff of flame hits you.
* * * LOW HITPOINT WARNING * * *
You completely miss something. Something hits you!
Ouch! That really hurt!
You die...

## ... .... .....
......####### #.#
......{s....##....#
......#####=...#
##..........
##......#
#...........
.......
#............
.#.###.
#............# ...#
#............. .. #
##............. .##
#.............. .#


There were no monsters in sight!

Vanquished Creatures
  A hound (D:4)
  3 adders
  An ooze (D:1)
  3 dart slugs
  A leopard gecko (D:1)
  3 giant cockroaches (D:1)
  3 goblins
  6 hobgoblins
  2 jackals (D:1)
  2 quokkas
  4 bats
  2 frilled lizards (D:1)
  9 kobolds
  6 rats
46 creatures vanquished.

Notes
Turn   | Place    | Note
-------+----------+-------------------------------------------
     0 | D:1      | kae the Tengu Transmuter began the quest for the Orb.
     0 | D:1      | Reached XP level 1. HP: 12/12 MP: 4/4
    44 | D:1      | Reached XP level 2. HP: 3/16 MP: 4/6
   828 | D:1      | Reached XP level 3. HP: 15/20 MP: 5/7
  1396 | D:2      | Learned a level 3 spell: Spider Form
  1666 | D:2      | Reached skill level 4 in Unarmed Combat
  1808 | D:2      | Reached XP level 4. HP: 25/25 MP: 8/8
  1999 | D:2      | Found a hide-covered altar of Uskayaw.
  2143 | D:3      | Found a blossoming altar of Fedhas.
  2443 | D:3      | Found a snail-covered altar of Cheibriados.
  2871 | D:4      | Noticed a centaur
  2909 | D:4      | Noticed Blork the orc
  2936 | D:4      | Gained mutation: You can fly continuously. [Tengu growth]
  2936 | D:4      | Reached XP level 5. HP: 23/29 MP: 3/9
  2940 | D:4      | Mangled by Blork the orc

Illustrated notes

Levels and vault maps discovered:
D:1:      eino_arrival_druids_welcome, layout_rooms,
          hangedman_decor_diamond_cutter
D:2:      layout_basic, eat_drink_and_be_merry_uskayaw
D:3:      layout_basic, kennysheep_slug_shrine, fedhas_ov_isle_minmay
D:4:      layout_rooms, serial_shops, kennysheep_little_box,
          minmay_mini_ossuary, uniq_pikel, uniq_menkaure, uniq_blork_the_orc

Skill      XL: |  1  2  3  4 |
---------------+-------------+-----
Transmutations | 2 3 |  3.3
Unarmed Combat | 4 |  4.2
Fighting       | |  1.0
Dodging        | |  2.1
Spellcasting   | |  2.1
Poison Magic   | |  0.9

Action                   |  1- 3 |  4- 6 || total
-------------------------+-------+-------++-------
Melee: Unarmed           |    78 |    30 ||   108
       Kick              |    19 |     7 ||    26
       Headbutt          |     4 |     2 ||     6
       Peck              |     6 |     1 ||     7
 Cast: Beastly Appendage |    19 |     8 ||    27
       Spider Form       |       |     1 ||     1
  Use: Scroll            |     8 |     1 ||     9
Armor: Robe              |    21 |     4 ||    25
       Skin              |       |     1 ||     1
Dodge: Dodged            |    41 |    21 ||    62

Table legend: (Time is in decaauts)
 A = Elapsed time spent in this place.
 B = Non-inter-level travel time spent in this place.
 C = Inter-level travel time spent in this place.
 D = Time resting spent in this place.
 E = Time spent auto-exploring this place.
 F = Levels seen in this place.
 G = Mean time per level.
                   A        B        C        D        E       F      G
               +--------+--------+--------+--------+--------+-----+--------+
         Total |   2938 |   2865 |     73 |     10 |   2519 |   4 |  734.5 |
       Dungeon |   2938 |   2865 |     73 |     10 |   2519 |   4 |  734.5 |
               +--------+--------+--------+--------+--------+-----+--------+

Top non-repeatable levels by time:
     D:1: 1370 daAuts
     D:3: 829 daAuts
     D:2: 706 daAuts
     D:4: 32 daAuts
